Map: Bridgehead LE (Void)

Players

wabbajack

  • Race: Zerg Zerg
  • League: Bronze

Clout - Winner!

  • Race: Zerg Zerg
  • League: Grandmaster

VOD

Have the link to the VOD?

Description

Time

  • Played on: July 16, 2015, 3:16 p.m.
  • Length: 5:38
Show
View Real Time Build Order
Export as new Build Order

wabbajack Zerg 

Build Orders: Pool First 

Get SALT Encoding   

  12  0:04  Drone  
  13  0:25  Overlord  
  13  0:27  Drone  
  14  0:31  Extractor  
  14  0:33  Extractor  
  14  0:35  Drone  
  13  0:37  Drone  
  15  0:47  Spawning Pool  
  14  0:51  Drone  
  15  1:04  Drone  
  15  1:09  Drone  
  17  1:27  Overlord  
  17  1:34  Queen  
  17  1:35  Metabolic Boost  
  17  1:39  Zergling x2  
  20  2:19  Hatchery  
  19  2:30  Pneumatized Carapace  
  19  2:35  Baneling Nest, Drone x2  
  20  2:37  Drone  
  21  2:45  Zergling x8  
  25  3:09  Zergling x2  
  25  3:10  Zergling x2  
  25  3:12  Zergling x2  
  28  3:33  Baneling x6  
  28  3:40  Overlord  
  28  3:43  Queen  
  28  3:45  Drone x5  
  30  4:49  Zergling x2  
  30  4:50  Zergling x4  
  30  4:51  Roach Warren, Zergling x8  
  36  4:55  Spine Crawler  
  36  4:58  Spine Crawler x2  
  33  5:01  Spine Crawler  
  33  5:03  Spine Crawler  
  33  5:05  Drone, Spine Crawler  
  33  5:06  Drone  
Show
View Real Time Build Order
Export as new Build Order

Clout Zerg - Winner!

Build Orders: Pool First 

Get SALT Encoding   

  12  0:01  Drone  
  13  0:13  Overlord  
  13  0:18  Drone  
  14  0:32  Drone  
  14  0:33  Drone  
  16  0:37  Drone  
  17  0:58  Extractor  
  17  0:59  Spawning Pool  
  15  1:12  Hatchery  
  15  1:18  Drone x2  
  16  1:23  Drone  
  17  1:34  Overlord  
  17  1:41  Drone  
  18  1:49  Spine Crawler  
  17  1:56  Zergling x2  
  18  2:03  Metabolic Boost  
  18  2:11  Queen  
  20  2:18  Extractor  
  20  2:20  Zergling x4  
  21  2:29  Baneling Nest  
  20  2:43  Extractor  
  20  2:46  Drone  
  20  2:47  Drone  
  22  2:51  Zergling x6  
  25  3:04  Queen  
  27  3:09  Overlord  
  27  3:16  Zergling x4  
  29  3:30  Zergling x8  
  33  3:36  Baneling x2  
  33  4:04  Zergling x16  
  41  4:10  Baneling  
  41  4:11  Baneling  
  39  4:42  Drone  
  39  4:43  Drone x4  
  44  4:49  Overlord x2  
  44  4:54  Overlord  
  44  5:00  Baneling x4  
  44  5:01  Baneling  
Tags
 
Add a new tag
Caveats
  • Supply blocks, unpowered buildings, or Contaminate may cause inaccurate times.
  • Supply counts are checked every 10 seconds.